 Dungeon Crawl Stone Soup version bcrawl-1.27.5 (webtiles) character file.

Game seed: 8704892383546805240

435086 Faustar the Grappler (level 10, -6/104 HPs)
             Began as a Troll Fighter on Aug 14, 2020.
             Was a Priest of Dithmenos.
             Mangled by a brown ugly thing (10 damage)
             ... on level 8 of the Dungeon.
             The game lasted 00:12:36 (6369 turns).

Faustar the Grappler (Troll Fighter)                Turns: 6369, Time: 00:12:36

Health: -6/104     AC: -8    Str: 27    XL:     10   Next: 66%
Magic:  13/13      EV: 11    Int: 11    God:    Dithmenos [***...]
Gold:   544        SH:  0    Dex: 17    Spells: 9/9 levels left

rFire    . . .     SeeInvis .     - Claws (34.0)
rCold    . . .     Gourm    +   (no shield)
rNeg     . . .     Faith    .   (armour unavailable)
rPois    .         Spirit   .   (helmet restricted)
rElec    .         Reflect  .   (no cloak)
rCorr    .         Harm     .   (gloves unavailable)
MR       .....                  (boots unavailable)
Stlth    ++........             v - amulet of the gourmand
HPRegen  0.67/turn              n - +6 ring of intelligence
MPRegen  0.13/turn              u - +6 ring of dexterity

@: corroded, wreathed by umbra
A: large, almost no armour, claws 3, fast metabolism 3, gourmand, regeneration
1, AC +8
a: Shadow Step, Renounce Religion


You were on level 8 of the Dungeon.
You worshipped Dithmenos.
Dithmenos was most pleased with you.
You were hungry.

You visited 2 branches of the dungeon, and saw 9 of its levels.

You collected 609 gold pieces.
You spent 65 gold pieces at shops.

Inventory:

Missiles
 x - a throwing net {=f}
Armour
 a - a +0 medium shield
Jewellery
 k - an uncursed ring of stealth
 l - the ring of the Pharaoh's Fist {Ice Int+2}
   (You found it on level 3 of the Dungeon)

   [ring of ice]

   It enhances your ice magic.
   It affects your intelligence (+2).
   It makes you vulnerable to fire.
   It protects you from cold.
 n - a +6 ring of intelligence (left claw)
 u - a +6 ring of dexterity (right claw)
 v - an amulet of the gourmand (around neck)
 A - an uncursed ring of magical power
 D - an uncursed ring of wizardry {unknown}
Wands
 m - a wand of disintegration (12)
 w - a wand of scattershot (4)
 y - a wand of paralysis (8)
 B - a wand of clouds (9)
Scrolls
 f - 13 scrolls of identify
 g - 3 scrolls of amnesia {unknown}
 j - a scroll of teleportation
 p - 2 scrolls of enchant armour {unknown}
 r - 2 scrolls of magic mapping
 s - 2 scrolls of immolation {unknown}
 t - a scroll of enchant weapon {unknown}
 E - a scroll of acquirement {unknown}
Potions
 b - 2 potions of flight {unknown}
 c - a potion of degeneration {unknown}
 d - a potion of magic {unknown}
 h - a potion of agility {unknown}
 i - a potion of mutation {unknown}
 o - a potion of resistance
 q - 4 potions of brilliance {unknown}
 z - a potion of might
Comestibles
 e - 26 rations {!d}
 C - 5 chunks of flesh


   Skills:
 + Level 7.8 Fighting
 - Level 2.4 Dodging
 - Level 3.3 Shields
 + Level 11.6 Unarmed Combat
 * Level 5.8 Invocations


You had 9 spell levels left.
You didn't know any spells.
Your spell library was empty.

Dungeon Overview and Level Annotations

Branches:
Dungeon (8/12)             Temple (1/1) D:6
   Lair: D:7-9          Orc: D:8-11

Altars:
Ashenzari
Dithmenos
Kikubaaqudgha
Okawaru
Uskayaw
Wu Jian
The Shining One

Shops:
D:6 %   D:8 }

Annotations:
D:5 2 transporters, SirMumm's ghost, novice GrWz


Innate Abilities, Weirdness & Mutations

You cannot wear most types of armour.
Your thick skin is tough. (AC +8)
You are too large for most types of armour.
You have claws for hands.
Your metabolism is lightning-fast.
You like to eat raw meat.
Your natural rate of healing is unusually fast.


Message History

Press: ? - help, Shift-Dir - straight line, f/p - brown ugly thing
Aim: a brown ugly thing (lightly wounded, umbra, chance to defeat MR: 28%)
The brown ugly thing easily resists.
The brown ugly thing gores you!
* * * LOW HITPOINT WARNING * * *
You are splashed with acid.
* * * LOW HITPOINT WARNING * * *
Evoke which item? (* to show all) (? for menu, Esc to quit)
Aiming: Paralyse
Press: ? - help, Shift-Dir - straight line, f/p - brown ugly thing
Aim: a brown ugly thing (lightly wounded, umbra, chance to defeat MR: 28%)
The brown ugly thing easily resists.
The brown ugly thing gores you!
* * * LOW HITPOINT WARNING * * *
The acid corrodes you!
You are splashed with acid!
* * * LOW HITPOINT WARNING * * *
Evoke which item? (* to show all) (? for menu, Esc to quit)
Aiming: Paralyse
Press: ? - help, Shift-Dir - straight line, f/p - brown ugly thing
Aim: a brown ugly thing (lightly wounded, umbra, chance to defeat MR: 28%)
The brown ugly thing easily resists.
The brown ugly thing gores you!
You die...

#............###..#.
##.###..##...........
#....................
#).#######.######.###
#..### #.# #.###
#....# # #.... #.##.#
#.### #.##.# # #.##@#
# #.##u# # ...#W# ##
# .. ... ..# # ###
#.# # # ##.## # #
.##...##.# #
........# #
###...##.# #


You could see a brown ugly thing and a hungry ghost.

Vanquished Creatures
  A two-headed ogre (D:8)
  A centaur zombie (D:8)
  A komodo dragon (D:7)
  3 trolls
  3 hippogriffs
  Sigmund (D:2)
  A spriggan (shapeshifter) (D:6)
  2 hungry ghosts (D:7)
  3 orc warriors
  A black bear (D:8)
  3 sky beasts
  An ice beast (D:6)
  4 ogres
  A phantom (D:5)
  3 centaurs
  A bullfrog (D:6)
  A gnoll sergeant (D:7)
  4 scorpions
  5 killer bees
  4 howler monkeys
  5 crimson imps
  A quasit (D:7)
  A centaur skeleton (D:8)
  A jelly (D:6)
  4 bullfrog skeletons
  2 orc priests
  3 hounds
  An iguana (D:6)
  Terence (D:2)
  9 worker ants
  Natasha (thrice) (D:3)
  6 orc wizards
  A killer bee zombie (D:3)
  A worker ant zombie (D:7)
  12 adders
  6 gnolls (D:7)
  An ooze (D:2)
  An adder zombie (D:6)
  An adder skeleton (D:3)
  5 worms
  2 dart slugs
  8 leopard geckos
  29 orcs
  4 giant cockroaches
  7 goblins
  3 hobgoblins
  5 quokkas
  3 bats
  4 frilled lizards
  7 kobolds
  4 rats
185 creatures vanquished.

Notes
Turn   | Place    | Note
-------+----------+-------------------------------------------
     0 | D:1      | Faustar the Troll Fighter began the quest for the Orb.
     0 | D:1      | Reached XP level 1. HP: 22/22 MP: 0/0
   611 | D:1      | Reached XP level 2. HP: 29/29 MP: 1/1
  1144 | D:2      | Reached XP level 3. HP: 28/36 MP: 2/2
  1238 | D:2      | Noticed Terence
  1257 | D:2      | Killed Terence
  1257 | D:2      | Reached skill level 3 in Unarmed Combat
  1324 | D:2      | Noticed Sigmund
  1435 | D:2      | Gained mutation: Your natural rate of healing is unusually
                  | fast. [Troll growth]
  1435 | D:2      | Reached XP level 4. HP: 44/44 MP: 3/3
  1755 | D:2      | Killed Sigmund
  1755 | D:2      | Reached skill level 4 in Unarmed Combat
  1755 | D:2      | Reached XP level 5. HP: 44/53 MP: 4/4
  1779 | D:3      | Found a glowing golden altar of the Shining One.
  1861 | D:3      | Got a translucent ivory ring
  1864 | D:3      | Noticed an orc warrior
  1940 | D:3      | Killed an orc warrior
  1940 | D:3      | Reached XP level 6. HP: 45/61 MP: 5/5
  1993 | D:3      | Noticed Natasha
  1998 | D:3      | Killed Natasha
  1998 | D:3      | Reached skill level 5 in Unarmed Combat
  2085 | D:3      | Noticed Natasha
  2092 | D:3      | Killed Natasha
  2102 | D:3      | Noticed Natasha
  2113 | D:3      | Killed Natasha
  2365 | D:4      | Noticed a sky beast
  2405 | D:3      | HP: 2/62 [scorpion (4)]
  2414 | D:3      | Reached XP level 7. HP: 20/68 MP: 6/6
  2424 | D:3      | HP: 2/68 [scorpion (5)]
  2564 | D:4      | Reached skill level 6 in Unarmed Combat
  2690 | D:4      | Identified the ring of the Pharaoh's Fist {Ice Int+2} (You
                  | found it on level 3 of the Dungeon)
  2732 | D:4      | Found a shadowy altar of Dithmenos.
  2743 | D:4      | Found a shattered altar of Ashenzari.
  2752 | D:4      | Found an ornate altar of the Wu Jian Council.
  2769 | D:4      | Found an ancient bone altar of Kikubaaqudgha.
  2775 | D:4      | Became a worshipper of Dithmenos the Shadowed
  2984 | D:4      | Reached skill level 7 in Unarmed Combat
  3086 | D:4      | Reached XP level 8. HP: 75/79 MP: 7/7
  3109 | D:5      | Entered Level 5 of the Dungeon
  3204 | D:5      | Found a hide-covered altar of Uskayaw.
  3207 | D:5      | Found a transporter.
  3207 | D:5      | Noticed SirMumm's ghost (novice GrWz)
  3211 | D:5      | Found a transporter.
  3242 | D:5      | Reached skill level 5 in Fighting
  3402 | D:5      | Reached skill level 8 in Unarmed Combat
  3443 | D:5      | Reached * piety under Dithmenos
  3594 | D:5      | Found an iron altar of Okawaru.
  4117 | D:6      | Found a staircase to the Ecumenical Temple.
  4142 | Temple   | Entered the Ecumenical Temple
  4173 | D:6      | Reached skill level 9 in Unarmed Combat
  4322 | D:6      | Reached XP level 9. HP: 89/89 MP: 8/8
  4662 | D:6      | Found Vaostoq's Food Emporium.
  4685 | D:6      | Bought a ration for 65 gold pieces
  4873 | D:7      | Reached ** piety under Dithmenos
  4884 | D:7      | Noticed a komodo dragon
  4917 | D:6      | Reached skill level 10 in Unarmed Combat
  5017 | D:7      | Noticed a troll
  5030 | D:7      | Killed a troll
  5161 | D:7      | Killed a komodo dragon
  5161 | D:7      | Reached skill level 11 in Unarmed Combat
  5186 | D:7      | Reached skill level 1 in Invocations
  5720 | D:8      | Noticed a troll
  5723 | D:8      | Reached XP level 10. HP: 96/102 MP: 10/10
  5820 | D:8      | Reached *** piety under Dithmenos
  6000 | D:8      | Found Wionac's Gadget Shop.
  6068 | D:8      | Found an iron altar of Okawaru.
  6131 | D:8      | Noticed a two-headed ogre
  6139 | D:8      | Killed a two-headed ogre
  6139 | D:8      | Reached skill level 5 in Invocations
  6353 | D:8      | Noticed a brown ugly thing
  6368 | D:8      | HP: 3/104 [acid (8)]
  6369 | D:8      | Mangled by a brown ugly thing

Skill      XL: |  1  2  3  4  5  6  7  8  9 10 |
---------------+-------------------------------+-----
Unarmed Combat | 3 4 5 7 9 11 | 11.6
Fighting       | 3 4 5 7 |  7.8
Shields        | 3 |  3.3
Invocations    | 2 5 |  5.8
Dodging        | |  2.4

Action                   |  1- 3 |  4- 6 |  7- 9 | 10-12 || total
-------------------------+-------+-------+-------+-------++-------
Melee: Unarmed           |   124 |   115 |   307 |    84 ||   630
       Punch             |     1 |       |    16 |     4 ||    21
Invok: Shadow Step       |       |       |     1 |       ||     1
Evoke: Wand              |       |       |     1 |     4 ||     5
  Use: Scroll            |     2 |     1 |     1 |       ||     4
       Potion            |       |     4 |     1 |       ||     5
 Stab: Sleeping          |       |     5 |     3 |       ||     8
  Eat: Chunk             |    17 |     8 |    22 |     6 ||    53
Armor: Skin              |    28 |    40 |    77 |    33 ||   178
Dodge: Dodged            |    57 |    55 |   121 |    79 ||   312
Block: Medium shield     |     9 |       |       |       ||     9
